Map: [ESL] Oceanborn

Players

Stats

  • Race: Protoss Protoss
  • Spawn Location: 11:00

Clem - Winner!

  • Race: Terran Terran
  • Spawn Location: 5:00

Event: IEM Katowice 2024

VOD

Have the link to the VOD?

Description

Time

  • Played on: Feb. 8, 2024, 9:23 a.m.
  • Length: 32:40

All games in this series

Show
View Real Time Build Order
Export as new Build Order

Stats Protoss 

Build Orders: 1 Gate Expand, Blink Stalkers, Carriers 

Get SALT Encoding   

  12  0:00  Probe  
  13  0:12  Probe  
  14  0:17  Pylon  
  14  0:24  Probe (Chrono Boost)  
  15  0:36  Gateway, Probe (Chrono Boost)  
  16  0:44  Probe (Chrono Boost)  
  16  0:46  Assimilator  
  17  0:51  Probe  
  18  1:03  Probe  
  19  1:19  Nexus  
  19  1:28  Cybernetics Core  
  19  1:32  Probe  
  20  1:36  Assimilator  
  20  1:44  Probe  
  20  1:45  Pylon  
  21  1:56  Probe (Chrono Boost)  
  22  2:02  Stalker (Chrono Boost)  
  22  2:06  Probe (Chrono Boost)  
  25  2:10  Warp Gate  
  25  2:11  Probe (Chrono Boost)  
  27  2:24  Probe (Chrono Boost), Stalker  
  29  2:31  Probe (Chrono Boost)  
  31  2:40  Probe x2 (Chrono Boost)  
  31  2:43  Twilight Council  
  32  2:45  Probe (Chrono Boost)  
  32  2:46  Probe  
  34  2:54  Stalker  
  34  2:57  Probe  
  37  2:58  Probe  
  37  3:04  Gateway  
  38  3:09  Gateway, Probe  
  38  3:11  Probe  
  40  3:14  Blink (Chrono Boost)  
  40  3:22  Probe  
  40  3:23  Probe  
  40  3:26  Shield Battery  
  42  3:34  Probe  
  43  3:35  Probe  
  43  3:36  Robotics Facility  
  44  3:41  Gateway  
  44  3:44  Pylon  
  44  3:49  Probe x2  
  46  3:57  Assimilator  
  46  3:58  Assimilator  
  45  4:05  Stalker x2  
  42  4:12  Probe (Chrono Boost)  
  42  4:16  Probe (Chrono Boost)  
  44  4:23  Warp Prism  
  47  4:25  Probe (Chrono Boost)  
  47  4:27  Pylon  
  47  4:31  Probe (Chrono Boost)  
  48  4:32  Probe (Chrono Boost)  
  48  4:38  Probe (Chrono Boost)  
  50  4:42  Probe (Chrono Boost)  
  51  4:47  Stalker  
  51  4:50  Probe (Chrono Boost), Pylon  
  55  4:54  Probe (Chrono Boost)  
  55  4:55  Probe (Chrono Boost)  
  55  4:56  Templar Archives  
  55  4:59  Observer  
  57  5:03  Probe  
  57  5:04  Probe  
  57  5:05  Stalker  
  61  5:13  Charge  
  58  5:14  Gateway  
  58  5:15  Gateway, Probe  
  58  5:16  Probe  
  60  5:23  Pylon  
  60  5:27  Probe  
  60  5:28  Psionic Storm  
  61  5:41  High Templar  
  53  5:44  Probe x2  
  53  5:45  Warp Prism  
  53  5:49  Gateway  
  57  5:52  High Templar  
  59  6:04  Nexus  
  59  6:07  Pylon  
  59  6:12  Shield Battery  
  59  6:16  High Templar  
  61  6:18  High Templar  
  61  6:23  Gateway  
  61  6:25  Gateway  
  63  6:30  Sentry  
  66  6:32  Probe  
  66  6:33  Shield Battery, Probe  
  67  6:42  Zealot x2  
  67  6:45  Pylon  
  67  6:46  Probe x2  
  73  6:49  Zealot  
  75  6:58  Pylon, Probe x2  
  77  7:02  High Templar x2  
  77  7:04  Forge  
  81  7:10  Probe x2  
  83  7:15  Zealot  
  83  7:16  Zealot x2  
  83  7:20  Probe  
  83  7:22  Probe x2  
  92  7:29  Zealot x3  
  98  7:32  Probe  
  98  7:34  Probe x2  
  98  7:36  Pylon  
  101  7:37  Pylon  
  101  7:39  Observer  
  101  7:41  Protoss Ground Weapons Level 1 (Chrono Boost)  
  101  7:43  Robotics Bay  
  102  7:49  Probe x2  
  102  7:50  Probe  
  105  7:51  Assimilator  
  105  7:53  Assimilator  
  105  7:57  Photon Cannon  
  105  8:05  Stalker x2  
  105  8:06  Stalker x2  
  105  8:07  Probe  
  105  8:09  Probe x2  
  116  8:14  Observer  
  117  8:22  Zealot  
  117  8:23  Zealot x3  
  124  8:32  Nexus  
  119  8:34  Probe x3  
  122  8:42  Photon Cannon, Colossus (Chrono Boost)  
  128  8:48  Probe x2  
  128  8:50  Probe  
  128  8:55  Photon Cannon  
  131  8:58  Pylon  
  131  9:00  Probe  
  132  9:06  Probe  
  132  9:07  Extended Thermal Lance  
  132  9:09  Pylon  
  133  9:10  Pylon  
  133  9:14  Colossus (Chrono Boost)  
  133  9:16  Probe x2  
  135  9:17  Pylon  
  141  9:26  Shield Battery  
  141  9:27  Photon Cannon  
  141  9:29  Shield Battery  
  141  9:33  Photon Cannon  
  141  9:37  Probe x2  
  144  9:38  Probe  
  144  9:41  High Templar x3  
  144  9:44  High Templar  
  144  9:45  Archon  
  152  9:48  Archon  
  152  9:51  Stargate  
  152  9:53  Probe  
  152  9:54  Probe x3  
  156  10:00  Assimilator  
  156  10:01  Photon Cannon  
  156  10:02  Protoss Air Weapons Level 1 (Chrono Boost), Assimilator, Shield Battery  
  156  10:06  Observer  
  157  10:12  Probe  
  157  10:13  Probe x3  
  161  10:26  Shield Battery  
  161  10:27  Photon Cannon  
  161  10:30  Stalker x3  
  161  10:31  Stalker  
  169  10:37  Fleet Beacon  
  169  10:38  Stargate  
  169  10:40  Stargate  
  169  10:42  Zealot x4  
  177  10:56  Zealot  
  179  11:02  Protoss Ground Weapons Level 2 (Chrono Boost)  
  179  11:03  Pylon  
  179  11:06  Pylon  
  179  11:07  Pylon  
  177  11:20  Carrier (Chrono Boost)  
  177  11:21  Carrier (Chrono Boost)  
  193  11:25  Carrier (Chrono Boost)  
  193  11:26  Pylon  
  193  11:27  Mothership  
  185  11:58  Cybernetics Core  
  185  12:00  Forge  
  185  12:06  Photon Cannon  
  185  12:07  Protoss Air Weapons Level 2, Nexus  
  183  12:08  Pylon  
  183  12:09  Carrier x2 (Chrono Boost)  
  195  12:29  Shield Battery  
  194  12:32  Shield Battery  
  194  12:34  Photon Cannon  
  194  12:35  Photon Cannon  
  194  12:36  Observer (Chrono Boost)  
  194  12:37  Photon Cannon  
  192  12:38  Photon Cannon  
  192  12:41  Robotics Facility  
  192  12:44  Assimilator  
  184  12:46  Assimilator  
  184  12:49  Observer (Chrono Boost)  
  184  12:51  Protoss Ground Armor Level 1  
  185  12:56  Protoss Air Armor Level 1  
  185  12:58  Zealot  
  187  13:01  Stalker x5  
  187  13:02  Stalker  
  179  13:24  Archon  
  179  13:26  Carrier (Chrono Boost)  
  179  13:27  Carrier x2 (Chrono Boost)  
  189  13:37  Mothership, Photon Cannon  
  189  13:40  Photon Cannon  
  189  13:42  Photon Cannon  
  189  13:56  Pylon  
  189  13:58  High Templar x2  
  189  13:59  High Templar x2, Protoss Ground Weapons Level 3 (Chrono Boost)  
  196  14:34  Gravitic Boosters (Chrono Boost)  
  196  14:36  Protoss Air Weapons Level 3, Archon  
  196  14:39  Observer  
  196  14:40  Observer  
  194  14:59  High Templar x3  
  200  15:02  Nexus  
  200  15:03  Pylon  
  200  15:34  Shield Battery  
  198  15:37  Shield Battery  
  198  15:38  Photon Cannon  
  198  15:39  Photon Cannon  
  198  15:40  Photon Cannon  
  198  15:42  Photon Cannon  
  198  15:43  Photon Cannon  
  188  15:51  Stalker x3  
  172  16:08  Carrier (Chrono Boost)  
  172  16:09  Carrier x2 (Chrono Boost)  
  166  16:16  High Templar x2  
  166  16:17  Stalker x3  
  166  16:18  Stalker x3  
  200  16:19  Protoss Ground Armor Level 2 (Chrono Boost)  
  199  16:30  Protoss Air Armor Level 2 (Chrono Boost)  
  199  16:32  Photon Cannon  
  199  16:34  Photon Cannon  
  199  16:42  Observer  
  199  16:48  Pylon  
  199  16:50  Assimilator  
  199  16:55  Assimilator  
  197  17:12  Protoss Shields Level 1 (Chrono Boost)  
  191  17:23  Stalker x2  
  193  17:35  Observer x2  
  195  17:56  Observer  
  193  17:58  Pylon  
  193  18:12  Observer  
  193  18:18  Observer  
  194  18:27  Photon Cannon  
  194  18:28  Photon Cannon  
  194  18:32  Photon Cannon  
  194  18:34  Photon Cannon  
  194  18:49  Photon Cannon  
  194  18:50  Pylon  
  194  18:53  High Templar x2  
  194  18:54  High Templar  
  194  18:55  Shield Battery x2  
  197  19:07  High Templar  
  189  19:13  Archon, Stalker x2  
  189  19:14  Stalker x2  
  187  19:27  Stalker x3  
  191  19:32  Gateway  
  191  19:34  Gateway  
  185  19:38  Gateway  
  185  19:45  Disruptor x2  
  181  19:49  Archon  
  181  19:51  Gateway, Stalker x2  
  181  19:52  Stalker x6  
  185  19:53  Gateway  
  185  19:57  Gateway  
  173  20:00  Gateway  
  173  20:03  Gateway  
  173  20:05  Gateway  
  147  20:17  Carrier x3  
  157  20:29  Observer x2  
  157  20:30  Stalker x4  
  157  20:31  Stalker x4  
  166  20:54  Nexus, Pylon  
  166  20:57  Observer x2  
  141  21:19  Stalker x2  
  141  21:20  Stalker x8  
  141  21:21  Stalker x4  
  141  21:25  Carrier x2  
  171  21:31  Shield Battery  
  171  21:33  Shield Battery  
  171  21:34  Photon Cannon x2, Assimilator  
  171  21:37  Pylon  
  169  21:41  Protoss Ground Armor Level 3 (Chrono Boost)  
  169  21:46  Stalker x2  
  169  21:47  Zealot x5, Stalker x3  
  169  21:48  Zealot x4  
  169  21:51  Carrier (Chrono Boost), Protoss Shields Level 2 (Chrono Boost)  
  196  22:03  Protoss Air Armor Level 3  
  195  22:11  High Templar  
  195  22:12  High Templar x2  
  193  22:29  Carrier x2 (Chrono Boost)  
  197  22:38  Zealot  
  181  22:59  Stalker x6  
  181  23:00  Stalker x3  
  196  23:11  Observer x2  
  175  23:33  Carrier x3  
  179  23:36  Stalker x3  
  179  23:38  Pylon  
  179  23:39  Zealot x4  
  185  24:07  Stalker x5  
  183  24:18  Pylon  
  183  24:20  Stalker x3  
  174  25:12  Stalker x4  
  174  25:13  Observer  
  168  25:21  Stalker x5  
  178  25:34  Pylon  
  163  26:03  Stalker x2  
  161  26:12  High Templar  
  161  26:13  High Templar x6  
  161  26:14  High Templar  
  175  26:19  Archon x3  
  175  26:20  Archon  
  167  26:55  Stalker x2  
  167  26:56  Nexus, Stalker  
  167  26:57  Pylon  
  173  27:04  Zealot  
  173  27:05  Zealot  
  171  27:16  Stalker x2  
  117  28:10  High Templar x2  
  117  28:11  High Templar  
  119  28:20  Assimilator  
  119  28:25  Assimilator  
  119  28:30  Stalker  
  121  28:37  Pylon  
  121  29:00  Stalker x2  
  121  29:01  Zealot x4  
  127  29:14  Stalker x2  
  127  29:16  Shield Battery  
  129  29:36  Zealot x3, Photon Cannon  
  121  30:05  Stalker x4  
  84  30:44  Stalker x3  
  84  30:45  Stalker x6  
  98  31:00  Zealot, Stalker  
  98  31:01  Zealot x2  
  106  31:07  Zealot  
  106  31:09  Stalker  
  106  31:10  Zealot  
  112  31:25  Zealot x3  
  106  31:26  Zealot  
  104  31:45  Stalker x4  
  112  32:02  Zealot x5  
  106  32:27  Zealot x2, Stalker x2  
  88  32:33  Zealot  
Show
View Real Time Build Order
Export as new Build Order

Clem Terran - Winner!

Build Orders:  

Get SALT Encoding   

  12  0:00  SCV  
  13  0:12  SCV  
  14  0:16  Supply Depot  
  14  0:24  SCV  
  15  0:38  SCV  
  15  0:40  Barracks  
  15  0:42  Refinery  
  16  0:50  SCV  
  17  1:02  SCV  
  18  1:14  SCV  
  19  1:27  Orbital Command  
  20  1:36  Command Center  
  20  1:39  Marine  
  20  1:50  Factory  
  20  1:54  SCV  
  20  2:01  Barracks Reactor  
  21  2:04  Supply Depot  
  21  2:07  SCV  
  22  2:16  Refinery  
  22  2:19  SCV  
  23  2:31  SCV  
  24  2:38  Starport  
  24  2:43  SCV  
  29  2:44  Hellion x2  
  29  2:51  Orbital Command  
  29  2:55  SCV  
  32  3:05  Hellion  
  32  3:08  SCV  
  32  3:11  Hellion  
  35  3:14  Medivac  
  35  3:17  SCV  
  38  3:21  Supply Depot  
  38  3:22  SCV  
  39  3:29  SCV  
  39  3:33  Cyclone  
  42  3:35  SCV  
  42  3:36  Cyclone  
  42  3:40  Barracks Tech Lab  
  42  3:41  SCV  
  46  3:47  SCV  
  46  3:48  Barracks  
  47  3:53  SCV  
  47  3:54  Supply Depot  
  48  3:59  SCV  
  49  4:05  SCV  
  47  4:11  SCV  
  45  4:17  SCV  
  45  4:19  Bunker  
  45  4:20  Siege Tank, Marine x2  
  45  4:23  SCV  
  52  4:24  Supply Depot  
  52  4:25  Barracks  
  52  4:30  SCV  
  53  4:35  Supply Depot  
  53  4:36  Marine  
  53  4:37  Bunker, Marine  
  53  4:38  SCV, Marine  
  56  4:42  SCV  
  58  4:50  SCV, Refinery  
  58  4:52  Siege Tank  
  62  4:56  Marine  
  62  4:57  Marine  
  62  4:59  Supply Depot  
  64  5:00  Marine, Engineering Bay  
  64  5:01  SCV  
  64  5:04  SCV  
  67  5:13  Marine, SCV  
  65  5:15  Marine  
  65  5:16  SCV, Refinery  
  65  5:19  Supply Depot  
  67  5:24  Command Center, Barracks Tech Lab  
  67  5:26  SCV  
  68  5:28  Barracks Reactor, Terran Infantry Weapons Level 1  
  68  5:29  SCV  
  68  5:33  Marine  
  68  5:37  Marine  
  68  5:38  SCV  
  68  5:39  Starport Reactor  
  68  5:42  SCV  
  71  5:45  Stimpack  
  71  5:48  Marauder  
  73  5:50  SCV  
  73  5:51  Marine  
  73  5:52  Factory Reactor  
  73  5:54  Supply Depot, SCV  
  73  5:55  Marine  
  73  5:56  Combat Shield  
  77  5:59  Marauder  
  77  6:03  Supply Depot  
  79  6:04  SCV  
  79  6:08  SCV  
  79  6:09  Marine  
  79  6:10  Marauder  
  84  6:13  Marine  
  84  6:16  Medivac x2  
  89  6:21  Supply Depot  
  89  6:23  Marauder  
  90  6:26  Missile Turret  
  90  6:27  Marine  
  90  6:30  Widow Mine  
  90  6:31  Marine  
  90  6:32  Marauder  
  96  6:33  SCV, Widow Mine  
  96  6:34  SCV  
  96  6:38  Orbital Command  
  100  6:46  Medivac, Supply Depot, SCV x2  
  104  6:48  Medivac  
  108  6:54  Widow Mine  
  108  6:55  Widow Mine  
  108  6:58  SCV  
  108  6:59  SCV  
  108  7:00  Marauder  
  113  7:02  Marauder  
  113  7:06  Marine, Supply Depot  
  113  7:07  Marine  
  117  7:10  Orbital Command, SCV  
  117  7:13  SCV  
  117  7:14  Barracks, Concussive Shells  
  119  7:17  Barracks  
  119  7:21  Marine  
  119  7:22  SCV  
  121  7:23  Widow Mine x2  
  121  7:25  Marauder  
  121  7:26  SCV  
  128  7:33  Terran Infantry Armor Level 1, Ghost Academy  
  128  7:35  SCV  
  128  7:36  SCV  
  130  7:41  Viking  
  130  7:42  Viking  
  134  7:45  SCV, Marine  
  134  7:47  SCV  
  134  7:49  Supply Depot  
  134  7:50  Marauder  
  138  7:52  Marauder  
  138  7:54  Widow Mine x2  
  138  7:58  Supply Depot, Refinery  
  144  8:01  SCV x2, Refinery  
  144  8:02  SCV  
  134  8:06  Barracks Tech Lab  
  134  8:08  Barracks Reactor  
  134  8:13  SCV  
  134  8:14  Viking, SCV x2  
  139  8:24  Ghost  
  139  8:25  Armory, SCV  
  139  8:26  SCV, Engineering Bay  
  143  8:27  Ghost  
  143  8:33  Widow Mine x2  
  148  8:34  SCV  
  148  8:39  Sensor Tower, SCV  
  149  8:41  SCV  
  149  8:43  Supply Depot  
  149  8:46  SCV  
  151  8:51  Command Center  
  151  8:56  SCV  
  151  8:57  SCV  
  151  8:58  Ghost, SCV  
  151  9:00  Ghost  
  157  9:03  Ghost  
  157  9:06  Widow Mine  
  157  9:08  Missile Turret, SCV  
  162  9:13  Supply Depot  
  162  9:14  Terran Infantry Weapons Level 2  
  162  9:16  SCV  
  163  9:18  SCV  
  163  9:23  Viking, Missile Turret, Widow Mine  
  163  9:24  Viking  
  170  9:25  SCV  
  170  9:27  Supply Depot  
  170  9:29  Ghost  
  173  9:34  Ghost  
  173  9:35  Marine  
  173  9:36  Marine x3  
  177  9:39  Terran Infantry Armor Level 2  
  177  9:41  Supply Depot  
  177  9:43  Marauder  
  179  9:49  Barracks x2  
  179  9:50  Barracks  
  179  9:52  SCV  
  180  9:56  Viking x2  
  184  10:02  Terran Ship Weapons Level 1, SCV  
  184  10:04  Marauder  
  187  10:09  SCV  
  187  10:11  Marauder, Starport  
  190  10:14  Marine x2  
  190  10:15  Refinery x2  
  190  10:16  Personal Cloaking, SCV  
  190  10:17  Marauder  
  195  10:22  Missile Turret, SCV  
  195  10:24  SCV  
  195  10:26  Marauder  
  199  10:29  Planetary Fortress  
  199  10:36  Missile Turret  
  199  10:43  Barracks Tech Lab x3  
  199  10:44  Command Center  
  199  10:51  Command Center  
  199  10:56  Viking  
  199  11:08  Sensor Tower, Command Center, Missile Turret  
  199  11:15  Marine  
  199  11:16  Viking x2  
  199  11:17  Marauder  
  200  11:22  SCV  
  200  11:27  Fusion Core  
  197  11:34  Medivac  
  197  11:36  Marauder  
  197  11:39  Starport  
  196  11:43  Terran Infantry Weapons Level 3  
  186  11:49  Medivac  
  186  11:50  Liberator x2, Marauder  
  186  11:54  Marauder x2  
  190  11:55  Marine x2  
  190  11:56  Marauder  
  194  12:03  Orbital Command  
  194  12:10  Command Center  
  194  12:11  Liberator  
  194  12:12  Marine  
  194  12:13  Terran Ship Weapons Level 2, Marauder  
  200  12:16  Advanced Ballistics  
  198  12:23  Marauder  
  198  12:28  Refinery  
  198  12:29  Sensor Tower, Refinery  
  198  12:31  Missile Turret  
  198  12:32  Terran Infantry Armor Level 3  
  198  12:43  Viking  
  200  12:46  Armory  
  200  12:54  Nuke  
  200  12:55  Orbital Command  
  200  12:59  Command Center  
  200  13:04  Ghost  
  200  13:12  Viking, Starport Reactor  
  199  13:17  Viking  
  199  13:18  Viking x2  
  188  13:20  Ghost  
  188  13:24  Marauder  
  188  13:25  Ghost  
  159  13:27  Marine x2  
  159  13:34  Terran Vehicle And Ship Armor Level 1  
  155  13:36  Caduceus Reactor  
  155  13:40  Orbital Command x2  
  155  13:42  Viking  
  155  13:47  Viking  
  155  13:48  Ghost x2, Starport  
  159  13:55  Viking  
  165  13:57  Viking x2  
  165  14:00  Viking, Marine  
  172  14:10  Ghost Academy  
  172  14:11  Viking  
  174  14:20  Viking  
  176  14:25  Viking  
  176  14:27  Viking x2  
  176  14:28  Starport Reactor  
  182  14:37  Ghost  
  180  14:42  Planetary Fortress  
  180  14:44  Command Center  
  180  14:45  Viking, Command Center  
  182  14:53  Refinery  
  182  14:56  Terran Ship Weapons Level 3  
  182  14:57  Refinery  
  180  15:03  Viking x3  
  184  15:07  Viking  
  184  15:08  Viking  
  186  15:19  Nuke  
  186  15:20  Nuke, Ghost Academy  
  186  15:29  Liberator x2  
  186  15:30  Viking  
  194  15:48  Viking  
  190  15:53  Viking x2  
  190  15:56  Orbital Command, Ghost  
  189  15:57  Orbital Command, Viking  
  189  15:59  Ghost  
  189  16:01  Ghost  
  189  16:02  Ghost  
  184  16:07  Viking  
  184  16:08  Viking  
  182  16:16  Liberator x2, Marine x2  
  182  16:18  Marine  
  191  16:20  Terran Vehicle And Ship Armor Level 2  
  191  16:22  SCV  
  192  16:27  Ghost  
  192  16:29  SCV x2  
  196  16:40  Viking  
  196  16:51  Refinery  
  196  16:52  Command Center  
  196  16:53  Refinery  
  194  16:57  Missile Turret  
  194  16:59  Liberator  
  197  17:05  Liberator  
  200  17:12  Orbital Command  
  193  17:20  Viking x2, Command Center, SCV  
  198  17:23  Viking  
  199  17:31  SCV  
  199  17:36  Orbital Command x2  
  200  17:42  Orbital Command  
  200  18:05  Command Center  
  200  18:12  Nuke x2  
  197  18:13  Nuke  
  197  18:32  Viking  
  199  18:51  Orbital Command  
  199  18:53  Command Center  
  199  18:55  Refinery  
  194  19:14  Ghost x2  
  198  19:17  Ghost  
  200  19:43  Viking  
  196  19:49  Viking  
  196  19:50  Ghost x2  
  196  19:51  Ghost  
  196  19:52  Viking  
  200  19:57  Liberator  
  200  19:59  Liberator x2  
  191  20:08  Liberator x2  
  191  20:13  Liberator, Marauder, Marine x2  
  195  20:17  Orbital Command  
  195  20:19  Liberator  
  195  20:22  Medivac  
  195  20:27  Marauder  
  194  20:29  Missile Turret  
  194  20:33  Refinery  
  194  20:34  Marauder  
  196  20:40  Medivac  
  196  20:42  Medivac  
  200  20:48  Command Center x2  
  200  20:52  Liberator  
  200  20:53  Command Center, Marine x2  
  200  20:55  Marauder  
  200  20:56  Command Center  
  197  20:59  Liberator  
  197  21:03  Liberator  
  199  21:04  Marauder  
  199  21:05  Medivac  
  199  21:06  Liberator, Marine  
  198  21:13  Liberator  
  198  21:15  Liberator  
  198  21:16  Marine  
  197  21:22  Medivac, Marauder  
  198  21:27  Marauder x2  
  198  21:30  Missile Turret, Marauder  
  198  21:35  Liberator  
  198  21:37  Medivac  
  198  21:40  Marauder, Marine  
  198  21:41  Marine  
  198  21:42  Liberator, Marauder  
  198  21:43  Marauder, Marine  
  200  21:50  Orbital Command  
  194  22:02  Orbital Command x2  
  194  22:06  Medivac  
  190  22:10  Orbital Command, Ghost  
  190  22:11  Marauder, Marine x2  
  190  22:15  Medivac  
  187  22:17  Marauder  
  187  22:18  Orbital Command  
  187  22:19  Orbital Command  
  187  22:21  Ghost, Medivac  
  189  22:24  Ghost  
  189  22:25  Marine  
  189  22:26  Medivac  
  191  22:33  Marauder x2  
  194  22:43  Marauder  
  196  22:45  Medivac  
  196  22:49  Ghost  
  200  22:57  Orbital Command  
  197  23:06  Marine  
  197  23:07  Marauder  
  197  23:08  Sensor Tower  
  197  23:11  Refinery  
  197  23:13  Medivac  
  196  23:20  Medivac  
  196  23:22  Marine  
  196  23:24  SCV  
  198  23:27  SCV  
  198  23:29  SCV  
  197  23:36  Liberator  
  200  23:43  Orbital Command  
  197  23:57  SCV  
  197  23:58  Ghost, SCV  
  197  24:23  Marauder  
  199  24:35  Nuke  
  199  24:36  Nuke  
  194  24:44  Ghost  
  194  24:45  Marine  
  195  24:58  Ghost x2  
  198  25:10  Liberator  
  200  25:19  Orbital Command  
  191  25:36  Viking  
  191  25:42  Viking  
  195  25:44  Ghost, Refinery  
  195  25:51  Viking x2  
  198  25:58  Ghost  
  200  26:15  Missile Turret x2  
  200  26:17  Missile Turret  
  200  26:56  Command Center  
  188  27:12  Viking  
  188  27:14  Viking, Ghost  
  188  27:16  Viking  
  188  27:17  Viking x5  
  199  27:46  Viking  
  182  27:55  Viking x2  
  182  27:56  Viking x2  
  182  27:57  Viking x3  
  151  28:01  Marauder  
  151  28:04  Marauder x2, Marine x2  
  145  28:16  Viking  
  145  28:19  Marauder  
  148  28:25  Viking x2, Orbital Command  
  148  28:26  Viking  
  154  28:38  Ghost  
  156  29:00  Ghost  
  156  29:02  Ghost  
  158  29:04  Viking x2  
  164  29:11  Viking  
  164  29:19  Viking x4  
  172  29:46  Ghost  
  172  29:51  Ghost  
  174  29:57  Liberator  
  174  29:58  Marauder, Marine  
  174  30:10  Ghost  
  174  30:11  Ghost  
  174  30:12  Liberator  
  174  30:14  Liberator, Ghost  
  162  30:15  Marine  
  162  30:17  Marauder, Marine x2  
  163  30:25  Liberator  
  154  30:34  Marauder, Marine  
  147  30:40  Medivac  
  147  30:46  Planetary Fortress  
  147  30:50  Marine  
  146  30:59  Marauder  
  146  31:01  Marine x3  
  146  31:03  Marauder  
  150  31:05  Marauder  
  150  31:10  Marine, Marauder  
  155  31:14  Marine, Marauder  
  155  31:16  Medivac  
  155  31:25  Marine x2  
  155  31:32  Marauder  
  155  31:34  Marauder  
  147  31:45  Marine  
  147  31:46  Marine x2  
  147  31:47  Marine  
  150  31:52  SCV  
  152  31:59  SCV  
  149  32:01  SCV  
  149  32:02  SCV x2  
  149  32:03  Refinery  
  149  32:04  SCV, Refinery  
  149  32:05  SCV  
  150  32:10  Orbital Command  
  150  32:14  Marine  

Tags
 
Add a new tag
Caveats
  • Supply blocks, unpowered buildings, or Contaminate may cause inaccurate times.
  • Supply counts are checked every 10 seconds.